 Dungeon Crawl Stone Soup version 0.31.0-9-g3a7656b989 (webtiles) character file.

Game seed: 10457334744022310819

7956 H0rd4k the Carver (level 11, -1/91 HPs)
             Began as a Human Artificer on Feb 6, 2024.
             Was an Initiate of Gozag.
             Killed from afar by a gargoyle (27 damage)
             ... with a stone arrow
             ... on level 11 of the Dungeon.
             The game lasted 00:14:38 (11303 turns).

H0rd4k the Carver (Human Artificer)                Turns: 11303, Time: 00:14:38

Health: -1/91      AC: 13    Str: 13    XL:     11   Next: 23%
Magic:  6/6        EV: 10    Int: 20    God:    Gozag
Gold:   1857       SH:  5    Dex: 14    Spells: 20/20 levels left

rFire   + . .        b - +6 falchion of Qazlal's Favour {antimagic, ^Fragile rElec rCorr Int+5}
rCold   . . .        (no shield)
rNeg    . . .        v - +3 ring mail {rF+}
rPois   .            r - +2 hat
rElec   +            (no cloak)
rCorr   +            (no gloves)
SInv    .            j - +2 pair of boots
Will    .....        y - amulet of reflection
Stlth   +            (no ring)
HPRegen 0.35/turn    (no ring)
MPRegen 0.10/turn

%: reflection
@: no status effects
A: explore regen
a: Renounce Religion, Potion Petition, Call Merchant, Bribe Branch


You were on level 11 of the Dungeon.
You worshipped Gozag.
Gozag was most pleased with you.
You visited 2 branches of the dungeon, and saw 12 of its levels.
You also visited: Sewer.

You collected 1925 gold pieces.
You paid 68 gold pieces to Gozag.

Inventory:

Hand Weapons
 b - the +6 falchion of Qazlal's Favour (weapon) {antimagic, ^Fragile rElec rCorr Int+5}
   (You found it on level 6 of the Dungeon)

   Int+5:     It affects your intelligence (+5).
   rElec:     It insulates you from electricity.
   rCorr:     It protects you from acid and corrosion.
   ^Fragile:  It will be destroyed if unequipped.
 k - a +3 dagger of venom
 p - a +5 trident
 u - a +4 trident of flaming
 z - a +3 dagger
 F - the +8 whip "Cauklett" {heavy, *Noise rF+ rCorr}
   (You found it on level 9 of the Dungeon)

   rF+:       It protects you from fire.
   *Noise:    It may make a loud noise when swung.
   rCorr:     It protects you from acid and corrosion.
Missiles
 g - a curare-tipped dart
 x - 11 poisoned darts (quivered)
 E - a throwing net
Armour
 j - a +2 pair of boots (worn)
 r - a +2 hat (worn)
 v - a +3 ring mail of fire resistance (worn)
Magical Staves
 f - a staff of earth
 A - a staff of air
Jewellery
 y - an amulet of reflection (around neck)
Wands
 c - a wand of digging (4)
 d - a wand of charming (6)
Scrolls
 a - a scroll of teleportation
 e - a scroll of acquirement {unknown}
 q - a scroll of blinking
 t - a scroll of amnesia
 D - 2 scrolls of immolation
 G - a scroll of revelation
Potions
 h - a potion of cancellation {unknown}
 i - 3 potions of berserk rage {unknown}
 l - 3 potions of enlightenment
 m - 2 potions of mutation
 n - 2 potions of ambrosia
 o - 2 potions of invisibility
 s - 4 potions of might
 w - a potion of attraction {unknown}
 B - a potion of lignification
 C - a potion of haste {unknown}


   Skills:
 + Level 10.2 Fighting
 + Level 4.7(8.6) Short Blades
 + Level 11.2(11.6) Long Blades
 + Level 1.4 Throwing
 - Level 2.0 Armour
 - Level 1.0 Dodging
 - Level 1.0 Stealth
 - Level 0.6 Shields
 * Level 5.1 Spellcasting
 - Level 3.0 Evocations


You had 20 spell levels left.
You didn't know any spells.
Your spell library contained the following spells:

 Spells                   Type           Power      Damage    Failure   Level
 Apportation              Tloc           10%        N/A       24%         1
 Necrotise                Necr           20%        1d5       24%         1
 Sting                    Conj/Alch      20%        1d4       24%         1
 Summon Small Mammal      Summ           20%        N/A       24%         1
 Ensorcelled Hibernation  Hex/Ice        10%        N/A       36%         2
 Fugue of the Fallen      Necr           5%         N/A       58%         3
 Anguish                  Hex/Necr       2%         N/A       94%         4


Dungeon Overview and Level Annotations

Branches:
Dungeon (11/15)            Temple (1/1) D:6             Orc (0/2) D:9
  Sewer (visited)
   Lair: D:8-11

Altars:
Ashenzari
Cheibriados
Dithmenos
Elyvilon
Fedhas
Gozag
Hepliaklqana
Kikubaaqudgha
Makhleb
Nemelex Xobeh
Okawaru
Qazlal
Ru
Sif Muna
Trog
Uskayaw
Vehumet
Wu Jian
Xom
Yredelemnul
Zin
The Shining One
Jiyva

Shops:
D:6 *

Annotations:
D:6 1 runed translucent door, exclusions: door and downstairs, Crazy Yiuf
D:7 exclusion: 2 downstairs
D:9 3 runed translucent doors, IsvaffelMax's ghost, novice AtSu
D:10 Lodul
D:11 exclusion: upstairs


Innate Abilities, Weirdness & Mutations

You regain HP and MP as you explore.


Message History

You hit the yak but do no damage.
The yak is moderately wounded.
The yak barely misses you. You block the yak's attack.
You slash the yak!
The yak is severely wounded.
The yak barely misses you.
You hit the yak.
The yak is severely wounded.
Your surroundings suddenly seem different.
There is a stone staircase leading up here.
Found a stone staircase leading down.
You open the door.
There is an open door here.
You open the door.
Found 7 stones.
There is an open door here.
Found 7 stones.
There is an open door here.
The gargoyle hits you with a +0 mace!
There is an open door here.
The gargoyle hits you with a +0 mace.
You hit the gargoyle but do no damage. The gargoyle hits you with a +0 mace!
You hit the gargoyle but do no damage.
The gargoyle hurls a stone arrow at you.
The stone arrow hits you!!
You hit the gargoyle but do no damage. You hit the gargoyle but do no damage.
The gargoyle hits you with a +0 mace!
You hit the gargoyle but do no damage. The gargoyle hits you with a +0 mace.
You slash the gargoyle!
The gargoyle is heavily damaged.
The gargoyle hits you with a +0 mace!
* * * LOW HITPOINT WARNING * * *
You barely miss the gargoyle.
The gargoyle is heavily damaged.
You hit the gargoyle but do no damage.
The gargoyle is heavily damaged.
The gargoyle hurls a stone arrow at you.
The stone arrow hits you!!
You die...
Your body crumbles into a pile of gold.

..# ### ..# #..#
..############..##########.
...........................
#..........................
#..........................
#............>........(....
#..........................
#.....#####'#...@9.........
#.....#.....####'##.......#
#.....#...........#.......#
.... #...........#.......#
#.........###.......+
#...#####.#.........+
#####...###.........#
...........#####.#
...........# ..


You could see a gargoyle.

Vanquished Creatures
  2 two-headed ogres (D:8)
  A cyclops (D:11)
  Joseph (D:7)
  2 trolls
  A hornet (D:10)
  A wyvern (D:8)
  4 yaks
  A warg (D:9)
  A steam dragon (D:7)
  An acid dragon (D:8)
  Duvessa (D:5)
  A water moccasin (D:6)
  Pargi (Sewer)
  2 ice beasts
  A sky beast (D:7)
  4 orc warriors
  9 ogres
  A centaur (D:10)
  3 wolves
  2 phantoms
  2 kobold brigands
  2 brain worms (Sewer)
  2 scorpions
  3 wights (D:8)
  2 howler monkeys
  6 crimson imps (D:8)
  A gnoll bouda (D:7)
  3 jellies
  7 hounds
  7 orc priests
  A sleepcap (D:4)
  2 iguanas
  4 orc wizards
  8 gnolls
  7 adders
  A shadow imp (D:8)
  4 white imps
  A ribbon worm (D:3)
  5 dart slugs
  28 orcs
  13 ball pythons
  4 endoplasms
  2 giant cockroaches
  5 goblins
  10 hobgoblins
  2 jackals (D:1)
  3 quokkas
  7 bats
  6 frilled lizards
  12 kobolds
  4 rats
204 creatures vanquished.

Vanquished Creatures (collateral kills)
  Jeremiah (D:7)
  A gnoll sergeant (D:7)
  Dowan (D:5)
  An orc wizard (D:7)
  3 gnolls (D:7)
  2 orcs (D:7)
9 creatures vanquished.

Vanquished Creatures (others)
  A troll (D:10)
  An acid dragon (D:9)
  An ogre (D:10)
  An orc (D:9)
4 creatures vanquished.

Grand Total: 217 creatures vanquished

Notes
Turn   | Place    | Note
-------+----------+-------------------------------------------
     0 | D:1      | H0rd4k the Human Artificer began the quest for the Orb.
     0 | D:1      | Reached XP level 1. HP: 15/15 MP: 1/1
   161 | D:1      | Reached XP level 2. HP: 20/22 MP: 2/2
   718 | D:1      | Reached XP level 3. HP: 28/28 MP: 3/3
  1203 | D:1      | Found a faded altar of an unknown god.
  2001 | D:2      | Reached XP level 4. HP: 36/37 MP: 4/4
  2598 | D:3      | Found a hazy altar of Hepliaklqana.
  2864 | D:4      | Noticed an ogre
  2872 | D:4      | Killed an ogre
  2873 | D:4      | Reached skill level 5 in Fighting
  2873 | D:4      | Reached skill level 1 in Short Blades
  2873 | D:4      | Reached XP level 5. HP: 16/44 MP: 5/5
  2977 | D:4      | Found a broken altar of Ashenzari.
  2989 | D:4      | You fall into a shaft and drop 2 floors!
  3008 | D:6      | Found Weirewat's Gadget Gallery.
  3065 | D:6      | Reached XP level 6. HP: 15/51 MP: 6/6
  3283 | D:6      | Found a staircase to the Ecumenical Temple.
  3327 | Temple   | Entered the Ecumenical Temple
  3363 | Temple   | Became a worshipper of Gozag Ym Sagoz the Greedy
  3416 | D:6      | Noticed a water moccasin
  3575 | D:6      | Identified the +6 falchion of Qazlal's Favour {antimagic,
                  | ^Fragile rElec rCorr Int+5}
  3610 | D:6      | Reached XP level 7. HP: 24/58 MP: 2/7
  3813 | D:5      | Entered Level 5 of the Dungeon
  3835 | D:5      | Noticed Duvessa
  3837 | D:5      | Noticed Dowan
  3849 | D:5      | Killed Dowan
  3865 | D:5      | Killed Duvessa
  3866 | D:5      | Reached skill level 1 in Long Blades
  3957 | D:5      | Reached skill level 2 in Long Blades
  3957 | D:5      | Reached XP level 8. HP: 58/67 MP: 2/8
  4059 | D:5      | Reached skill level 3 in Long Blades
  4082 | D:5      | Found a sacrificial altar of Ru.
  4251 | D:5      | Found a glowing drain.
  4256 | Sewer    | Entered a sewer
  4281 | Sewer    | Noticed Pargi
  4304 | Sewer    | Killed Pargi
  4309 | Sewer    | Reached skill level 4 in Long Blades
  4631 | D:5      | Found an iron altar of Okawaru.
  4631 | D:5      | Found a hide-covered altar of Uskayaw.
  4639 | D:5      | Found a snail-covered altar of Cheibriados.
  4641 | D:5      | Found a bloodstained altar of Trog.
  4643 | D:5      | Found a glowing golden altar of the Shining One.
  4894 | D:5      | Reached skill level 5 in Long Blades
  5160 | D:4      | Found a shadowy altar of Dithmenos.
  5299 | D:4      | Found a basalt altar of Yredelemnul.
  5546 | D:6      | Found a runed translucent door.
  5547 | D:6      | Noticed Crazy Yiuf
  5873 | D:7      | Reached XP level 9. HP: 67/74 MP: 3/9
  6001 | D:7      | Reached skill level 6 in Long Blades
  6319 | D:7      | Reached skill level 1 in Spellcasting
  6537 | D:7      | Killed Jeremiah
  6538 | D:7      | Reached skill level 7 in Long Blades
  6730 | D:7      | Noticed Joseph
  6758 | D:7      | Killed Joseph
  7299 | D:8      | Noticed a two-headed ogre
  7315 | D:8      | Killed a two-headed ogre
  7316 | D:8      | Reached skill level 8 in Long Blades
  7316 | D:8      | Reached XP level 10. HP: 29/82 MP: 5/15
  7318 | D:8      | Noticed a two-headed ogre
  7526 | D:7      | Reached skill level 9 in Long Blades
  8404 | D:8      | Killed a two-headed ogre
  8845 | D:8      | Reached skill level 1 in Throwing
  9083 | D:9      | Found a runed translucent gate.
  9083 | D:9      | Found a runed translucent gate.
  9093 | D:9      | Found a burning altar of Makhleb.
  9160 | D:9      | Found a staircase to the Orcish Mines.
  9178 | D:9      | Reached skill level 10 in Long Blades
  9407 | D:9      | Noticed a two-headed ogre
  9603 | D:9      | Found a runed translucent gate.
  9605 | D:9      | Noticed IsvaffelMax's ghost (novice AtSu)
  9904 | D:9      | Found a viscous altar of Jiyva.
 10001 | D:9      | Identified the +8 whip "Cauklett" {heavy, *Noise rF+ rCorr}
 10073 | D:10     | Entered Level 10 of the Dungeon
 10147 | D:10     | Reached XP level 11. HP: 60/90 MP: 6/18
 10264 | D:10     | Reached skill level 10 in Fighting
 10609 | D:10     | Found a radiant altar of Vehumet.
 10678 | D:10     | Paralysed by a hornet for 2 turns
 10681 | D:10     | Reached skill level 11 in Long Blades
 10681 | D:10     | Reached skill level 5 in Spellcasting
 10849 | D:10     | Noticed Lodul
 10882 | D:11     | Noticed a cyclops
 10898 | D:11     | Killed a cyclops
 11303 | D:11     | Killed from afar by a gargoyle

Illustrated notes

Levels and vault maps discovered:
D:1:      saegor_arrival_miasma, layout_basic,
          shapermc_ecumenical_altar_mp_vishouse, minmay_tetromino_t4
D:2:      layout_basic, serial_bayou_pond_a, nicolae_figureground_sparkle
D:3:      layout_basic, lemuel_round_altar, minmay_door_square,
          grunt_ministairs_4, kennysheep_boxes
D:4:      layout_rooms, ashenzari_altar_1, mainiacjoe_overflow_alcove_1,
          mainiacjoe_overflow_24_doors
D:5:      minmay_recursive_quarters, layout_rooms,
          nicolae_ru_the_path_less_chosen, chequers_temple_overflow_minitemple,
          serial_corexii_hall, chequers_hall_statues_wall_a,
          chequers_hall_statues_wall_a, portal_sewer_entry_e,
          lemuel_flame_loot_1, uniq_duvessa
D:6:      layout_basic, temple_green, nicolae_shop_gadgets,
          uniq_crazy_yiuf_cottage
D:7:      layout_loops_ring, uniq_jeremiah, uniq_joseph
D:8:      layout_rooms, minmay_nine_imps
D:9:      layout_gridville, bloody_makhleb, erik_lair_island, erik_orc_3,
          gammafunk_ghost_ooze
D:10:     layout_long_grid, mainiacjoe_overflow_boulevard, nicolae_eternal_life,
          nicolae_sextant, hangedman_decor_opposing, uniq_lodul, uniq_urug
D:11:     layout_irregular_city
Temple:   cyrus_temple_forest

Skill      XL: |  1  2  3  4  5  6  7  8  9 10 11 |
---------------+----------------------------------+-----
Fighting       | 2 3 5 6 7 8 9 10 | 10.2
Short Blades   | 1 2 3 4 |  4.7
Long Blades    | 2 5 8 10 11 | 11.2
Spellcasting   | 3 4 5 |  5.1
Throwing       | 1 |  1.4
Armour         | |  2.0
Dodging        | |  1.0
Stealth        | |  1.0
Shields        | |  0.6
Evocations     | |  3.0

Action                     |  1- 3 |  4- 6 |  7- 9 | 10-12 || total
---------------------------+-------+-------+-------+-------++-------
  Melee: Club              |   210 |     8 |       |       ||   218
         Punch             |     1 |     3 |     2 |     5 ||    11
         Dagger            |       |   122 |       |       ||   122
         Falchion          |       |     6 |   255 |   350 ||   611
  Throw: Dart              |       |       |     3 |     7 ||    10
  Evoke: Wand              |    13 |     2 |    14 |    12 ||    41
    Use: Scroll            |       |       |     7 |    12 ||    19
         Potion            |       |       |     2 |     2 ||     4
   Stab: Sleeping          |     2 |     1 |       |       ||     3
         Distracted        |       |       |     1 |     1 ||     2
 Armour: Leather armour    |   166 |    58 |       |       ||   224
         Ring mail         |       |    16 |   207 |   293 ||   516
         Skin              |       |       |     7 |       ||     7
  Dodge: Dodged            |   150 |    68 |   123 |   149 ||   490
  Block: Other             |       |       |    29 |    86 ||   115
         Reflection        |       |       |       |     1 ||     1
